 Dungeon Crawl Stone Soup version 0.18-a0-1805-g8ab820f (webtiles) character file.

1754 Etesian the Frost Mage (level 8, -3/41 HPs)
             Began as a Deep Elf Ice Elementalist on Apr 26, 2016.
             Was a Follower of Sif Muna.
             Slain by an ice beast (6 damage)
             ... on level 4 of the Dungeon.
             The game lasted 00:32:10 (7701 turns).

Etesian the Frost Mage (Deep Elf Ice Elementalist)  Turns: 7701, Time: 00:32:10

Health: -3/41      AC:  9    Str:  5    XL:     8   Next: 78%
Magic:  1/19       EV: 16    Int: 27    God:    Sif Muna [*.....]
Gold:   294        SH:  0    Dex: 15    Spells: 4 memorised, 8 levels left

rFire  + . .     SeeInvis .     d - +3 flail (protect)
rCold  + . .     Gourm    .     y - +2 robe {rC+ rF+}
rNeg   . . .     Faith    .     (no shield)
rPois  .         Spirit   .     (no helmet)
rElec  .         Dismiss  .     (no cloak)
rCorr  .         Reflect  .     (no gloves)
SustAt .         Harm     .     (no boots)
MR     .....                    (no amulet)
Stlth  ++........               u - +1 ring of evasion
                                x - +4 ring of intelligence

@: very slightly contaminated, not resistant to hostile enchantments, unstealthy
A: no striking features
a: Channel Energy, Renounce Religion


You were on level 4 of the Dungeon.
You worshipped Sif Muna.
Sif Muna was aware of your devotion.
You were not hungry.

You visited 1 branch of the dungeon, and saw 6 of its levels.
You also visited: Ossuary.

You collected 294 gold pieces.

Inventory:

Hand Weapons
 d - a +3 flail of protection (weapon)
Armour
 y - a +2 robe of resistance (worn)
Jewellery
 u - a +1 ring of evasion (right hand)
 x - a +4 ring of intelligence (left hand)
Wands
 k - a wand of digging (9/24)
Scrolls
 p - 3 scrolls of fog
 s - a scroll of teleportation
 t - a scroll of recharging
 w - a scroll of remove curse
Potions
 e - 3 potions of curing
 f - a potion of cure mutation
 g - 6 potions of lignification
 h - 2 potions of agility {unknown}
 i - a potion of invisibility {unknown}
 j - 2 potions of flight {unknown}
 l - 2 potions of might {unknown}
 m - 2 potions of haste {unknown}
 n - a potion of cancellation {unknown}
 r - a potion of mutation {unknown}
 z - 2 potions of heal wounds {unknown}
 A - a potion of magic {unknown}
Books
 b - a book of Frost

   Spells                             Type                      Level
   a - Freeze                         Ice                          1
   b - Throw Frost                    Conjuration/Ice              2
   c - Ozocubu's Armour               Charms/Ice                   3
   d - Throw Icicle                   Conjuration/Ice              4
   e - Summon Ice Beast               Ice/Summoning                4
Comestibles
 c - 5 bread rations
 q - 2 beef jerkies
 v - 2 chunks of flesh


   Skills:
 + Level 6.2 Dodging
 - Level 2.4 Stealth
 + Level 6.2 Spellcasting
 * Level 7.1 Conjurations
 * Level 8.1 Ice Magic


You had 8 spell levels left.
You knew the following spells:

 Your Spells              Type           Power        Failure   Level  Hunger
a - Freeze                Ice            ####         1%          1    None
b - Throw Frost           Conj/Ice       #####.       1%          2    None
c - Throw Icicle          Conj/Ice       #####...     2%          4    ###....
d - Summon Ice Beast      Ice/Summ       ####....     14%         4    ###....


Dungeon Overview and Level Annotations

Branches:
Dungeon (6/15)
 Temple: D:4-7

Altars:
Cheibriados
Sif Muna
Xom

Annotations:
D:3 Gottschkopf's ghost, amateur NaEn


Message History

* * * LOW HITPOINT WARNING * * *
The ice beast freezes you. You resist.
* * * LOW HITPOINT WARNING * * *
The ice beast hits you but does no damage.
You take 4 damage, and have 4/41 hp.
You closely miss the ice beast.
The ice beast is almost dead.
The ice beast misses you.
Read which item? (? for menu, Esc to quit)
Okay, then.
Evoke which item? (* to show all) (? for menu, Esc to quit)
Zapping:
k - a wand of digging {zapped: 3} (will waste charges)
Press: ? - help, Shift-Dir - straight line, f/p - ice beast
Aim: an ice beast (almost dead)
The rock shatters into small pieces.
Evoking this partially-identified wand wasted a few charges.
The ice beast hits you.
* * * LOW HITPOINT WARNING * * *
The ice beast freezes you. You resist.
You die...

#.# #.####...### ###.#
#.###.##..## .##.#
#....###.#.###
.##.########.# #.#...#
........# #.###.#.#.#
###.....# ##.##..##.#
####..# ##...###.# #..#
###Y###### #..#
#@##...## ##..###
###.....## #.....#
###.......# #.###.#
#...)._...# ###.#
#.#####)#.......#
#...###.......##.....##
###.#............##...##
.##.##..#.#############
........#.#


You could see an ice beast.

Vanquished Creatures
  Edmund (D:4)
  A sky beast (D:5)
  4 ogres (D:4)
  A centaur (D:5)
  2 giant frogs (D:5)
  A howler monkey (D:4)
  A crimson imp (D:5)
  5 orc priests
  2 hounds (D:5)
  7 orc wizards
  2 iguanas
  2 worker ants
  7 mummies (Ossuary)
  2 gnolls (D:5)
  6 adders
  An ooze (D:4)
  2 adder skeletons (D:4)
  2 worms
  2 dart slugs
  3 giant geckos
  23 orcs
  A ball python (D:3)
  12 bats
  5 giant cockroaches
  4 hobgoblins
  7 jackals
  5 quokkas
  A giant gecko skeleton (D:4)
  5 giant newts
  3 gnoll skeletons (Ossuary)
  6 goblins
  3 goblin skeletons (Ossuary)
  7 kobolds
  A kobold skeleton (Ossuary)
  An orc skeleton (Ossuary)
  A quokka skeleton (D:4)
  6 rats
  11 rat skeletons (Ossuary)
156 creatures vanquished.

Vanquished Creatures (collateral kills)
  An ice beast (D:5)
  An ogre (D:5)
  A hound (D:5)
  6 mummies (Ossuary)
  2 gnolls (D:5)
  A giant cockroach (D:5)
  A giant newt (D:5)
13 creatures vanquished.

Grand Total: 169 creatures vanquished

Notes
Turn   | Place    | Note
--------------------------------------------------------------
     0 | D:1      | Etesian the Deep Elf Ice Elementalist began the quest for the Orb.
     0 | D:1      | Reached XP level 1. HP: 10/10 MP: 6/6
   402 | D:1      | Reached XP level 2. HP: 4/15 MP: 5/8
   410 | D:1      | Learned a level 2 spell: Throw Frost
  1537 | D:2      | Reached XP level 3. HP: 19/19 MP: 5/9
  2017 | D:2      | Reached skill level 4 in Ice Magic
  2053 | D:2      | Noticed a phantom
  2192 | D:3      | Noticed Gottschkopf's ghost (amateur NaEn)
  2283 | D:3      | Reached XP level 4. HP: 24/24 MP: 4/11
  2293 | D:3      | Learned a level 4 spell: Throw Icicle
  2787 | D:3      | You fall through a shaft!
  2837 | D:4      | Noticed Edmund
  2881 | D:4      | Noticed an ogre
  2894 | D:4      | Noticed an ogre
  2900 | D:4      | Killed an ogre
  2900 | D:4      | Reached XP level 5. HP: 28/28 MP: 1/13
  2989 | D:4      | Found a shimmering altar of Xom.
  3280 | D:3      | Reached skill level 5 in Ice Magic
  3336 | D:3      | Learned a level 4 spell: Summon Ice Beast
  3423 | D:3      | Reached XP level 6. HP: 32/32 MP: 6/14
  4312 | D:4      | Reached XP level 7. HP: 34/36 MP: 6/15
  4478 | D:4      | Reached skill level 6 in Ice Magic
  4595 | D:4      | Reached skill level 5 in Conjurations
  4719 | D:4      | Reached skill level 5 in Dodging
  4798 | D:4      | Reached skill level 5 in Spellcasting
  4843 | D:4      | Found a deep blue altar of Sif Muna.
  4901 | D:4      | Became a worshipper of Sif Muna the Loreminder
  5334 | D:5      | Entered Level 5 of the Dungeon
  5384 | D:5      | Found a snail-covered altar of Cheibriados.
  5464 | D:5      | Found a sand-covered staircase.
  5506 | Ossuary  | Entered an ossuary
  5837 | Ossuary  | Reached XP level 8. HP: 16/41 MP: 1/17
  6108 | Ossuary  | Reached skill level 7 in Ice Magic
  6639 | D:4      | Killed Edmund
  6920 | D:5      | Gained mutation: Scrolls take you a little longer to read. [mutagenic meat]
  6921 | D:5      | Lost mutation: Scrolls take you a little longer to read. [potion of cure mutation]
  7365 | D:5      | Reached * piety under Sif Muna
  7476 | D:5      | Reached skill level 8 in Ice Magic
  7701 | D:4      | Slain by an ice beast

Vault maps used:
D:1:      lightli_arrival_noodles
D:2:      first_bread
D:3:      tgw_kikubaaqudgha
D:4:      lemuel_round_altar, overflow_temple_1_default, uniq_edmund
D:5:      nicolae_overflow_crystal_walls, enter_ossuary_5
D:6:      nicolae_overflow_hidden_temple, grunt_pakellas_sulfur,
          kennysheep_potato, uniq_menkaure
Ossuary:  ossuary_due_small_catacomb

Skill      XL: |  1  2  3  4  5  6  7  8 |
---------------+-------------------------+-----
Dodging        | 3 4 5 6 |  6.2
Ice Magic      | 4 5 6 8 |  8.1
Conjurations   | 2 3 4 5 7 |  7.1
Spellcasting   | 4 5 6 |  6.2
Stealth        | |  2.4

Action                   |  1- 3 |  4- 6 |  7- 9 || total
-------------------------+-------+-------+-------++-------
Melee: Unarmed           |    22 |       |       ||    22
       Spear             |       |    39 |    18 ||    57
       Flail             |       |       |   134 ||   134
 Cast: Freeze            |    41 |    33 |    42 ||   116
       Throw Frost       |    26 |    43 |    34 ||   103
       Summon Ice Beast  |       |       |    23 ||    23
       Throw Icicle      |       |       |    16 ||    16
Evoke: Wand              |       |       |     1 ||     1
  Use: Scroll            |       |     3 |    16 ||    19
       Potion            |       |       |     1 ||     1
 Stab: Sleeping          |     4 |     4 |     6 ||    14
       Distracted        |       |       |     1 ||     1
  Eat: Chunk             |     5 |     6 |    11 ||    22
       Meat ration       |       |       |     1 ||     1
       Pizza             |       |       |     1 ||     1
Armor: Robe              |     9 |     7 |    62 ||    78
Dodge: Dodged            |    43 |    23 |   169 ||   235
Block: Buckler           |       |       |     2 ||     2
